 Dungeon Crawl Stone Soup version 0.30.0-5-g1a98f26d00 (webtiles) character file.

Game seed: 10878215514582538022

63 Jackthecabe the Charlatan (level 3, -4/22 HPs)
             Began as a Deep Elf Artificer on May 13, 2023.
             Slain by a hobgoblin
             ... wielding a +2 dagger of distortion
             ... led by Robin
              (15 damage)
             ... on level 2 of the Dungeon.
             The game lasted 00:04:15 (1408 turns).

Jackthecabe the Charlatan (Deep Elf Artificer)      Turns: 1408, Time: 00:04:15

Health: -4/22      AC:  3    Str:  9    XL:     3   Next: 89%
Magic:  9/9        EV: 12    Int: 17    God:
Gold:   102        SH:  0    Dex: 15    Spells: 5/8 levels left

rFire   . . .        l - +1 spear (flame)
rCold   . . .        (no shield)
rNeg    . . .        b - +0 leather armour
rPois   .            (no helmet)
rElec   .            (no cloak)
rCorr   .            (no gloves)
SInv    .            (no boots)
Will    .....        (no amulet)
Stlth   ++           (no ring)
HPRegen 0.23/turn    (no ring)
MPRegen 0.11/turn

%: no passive effects
@: no status effects
A: no striking features
a: no special abilities


You were on level 2 of the Dungeon.
You visited 1 branch of the dungeon, and saw 2 of its levels.

You collected 102 gold pieces.


   Skills:
 + Level 2.3 Fighting
 - Level 0.7 Armour
 - Level 2.4 Dodging
 - Level 1.2 Stealth
 - Level 3.0 Spellcasting
 + Level 0.1 Summonings
 - Level 3.2 Evocations


You had 5 spell levels left.
You knew the following spells:

 Your Spells              Type           Power      Damage    Failure   Level
c - Call Canine Familiar  Summ           3%         N/A       56%         3

Your spell library contained the following spells:

 Spells                   Type           Power      Damage    Failure   Level
 Portal Projectile        Hex/Tloc       4%         N/A       56%         3
 Leda's Liquefaction      Hex/Erth       1%         N/A       93%         4

Inventory:

Hand Weapons
 a - a +0 club
 i - a +0 dagger
 l - a +1 spear of flaming (weapon)
Missiles
 f - 2 poisoned darts
Armour
 b - a +0 leather armour (worn)
Wands
 c - a wand of flame (1) (quivered)
 d - a wand of charming (15)
 e - a wand of iceblast (3)
Scrolls
 g - a scroll of teleportation {unknown}
 h - a scroll of blinking {unknown}
 m - a scroll of fear {unknown}
Potions
 j - 2 potions of mutation {unknown}
 k - a potion of might {unknown}

Dungeon Overview and Level Annotations

Branches:
Dungeon (2/15)

Altars:

Annotations:
D:2 Robin, Terence

#.##<# ..##.##.. ## ####
###.##.##.# gg ... .g#.##.##.#
#g ..# #g#.##.##.# #g######.#
#.#.##.##.# ######
#g#....#.######.#.##.##.# #.....
#.#.##.#.#............#.###.....
#g#.#..........@g..............†
#......#.#.##.gg...)....###.....
#.#....#.#.##)########### #.....
#>#....#.#.##.# ######
.......#.#.##.# ......#.#.#..#.#
.....##.#.#..#.#
........#.##.#.# ...######.. .#.


You could see Robin, a hobgoblin (strong) and 3 goblins.


Message History

You start resting.
HP restored.
There is a stone staircase leading up here.
A goblin comes into view. It is wielding a +0 club.
You barely miss the hobgoblin. The hobgoblin closely misses you.
You closely miss the hobgoblin.
The hobgoblin hits you with a +2 dagger of distortion.
You closely miss the hobgoblin. The hobgoblin misses you.
The hobgoblin hits you with a +2 dagger of distortion.
You blink.
A goblin comes into view. It is wielding a +0 club.
Robin throws the goblin at you! The goblin hits you but does no damage.
Unknown command.
You hit the goblin. You burn the goblin.
You kill the goblin!
Robin roars a battlecry!
The goblin goes into a battle-frenzy!
You hear a shout! x2
You closely miss the goblin. Robin throws the goblin at you!
The goblin closely misses you. The goblin hits you but does no damage.
The goblin attacks as you move away! The goblin closely misses you.
A goblin comes into view. It is wielding a +0 club.
The goblin shouts!
Robin roars a battlecry!
The hobgoblin goes into a battle-frenzy!
The hobgoblin hits you with a +2 dagger of distortion.
* * * LOW HITPOINT WARNING * * *
Space warps horribly around you!
Ouch! That really hurt!
You die...

Skill      XL: |  1  2  3 |
---------------+----------+-----
Fighting       | 1 2 |  2.3
Spellcasting   | 1 2 3 |  3.0
Armour         | |  0.7
Dodging        | |  2.4
Stealth        | |  1.2
Summonings     | |  0.1
Evocations     | |  3.2

Action                     || total
---------------------------++-------
  Melee: Club              ||    54
         Dagger            ||    74
         Spear             ||    31
         Punch             ||     1
  Evoke: Wand              ||    16
   Stab: Sleeping          ||     2
 Armour: Leather armour    ||    44
  Dodge: Dodged            ||   126

Levels and vault maps discovered:
D:1:      onia_arrival_pyramid, layout_loops_ring
D:2:      layout_basic, minmay_tripent, uniq_robin, uniq_terence

Notes
Turn   | Place    | Note
-------+----------+-------------------------------------------
     0 | D:1      | Jackthecabe the Deep Elf Artificer began the quest for the
                  | Orb.
     0 | D:1      | Reached XP level 1. HP: 11/11 MP: 3/3
   131 | D:1      | Reached skill level 1 in Fighting
   186 | D:1      | Reached skill level 1 in Spellcasting
   298 | D:1      | Reached XP level 2. HP: 7/16 MP: 4/6
   519 | D:1      | Reached skill level 2 in Spellcasting
   656 | D:1      | Reached XP level 3. HP: 12/21 MP: 8/8
   899 | D:1      | Reached skill level 2 in Fighting
  1002 | D:2      | Reached skill level 3 in Spellcasting
  1279 | D:2      | Noticed Terence
  1342 | D:2      | Learned a level 3 spell: Call Canine Familiar
  1365 | D:2      | Noticed Robin
  1408 | D:2      | Slain by a hobgoblin

Vanquished Creatures
  An adder (D:2)
  2 worms
  3 endoplasms
  5 goblins
  A hobgoblin (D:1)
  10 jackals (D:1)
  2 quokkas (D:1)
  6 ball pythons (D:1)
  5 bats (D:1)
  2 frilled lizards (D:1)
  4 kobolds (D:1)
  3 rats
44 creatures vanquished.

Table legend: (Time is in decaauts)
 A = Elapsed time spent in this place.
 B = Non-inter-level travel time spent in this place.
 C = Inter-level travel time spent in this place.
 D = Time resting spent in this place.
 E = Time spent auto-exploring this place.
 F = Levels seen in this place.
 G = Mean time per level.
                   A        B        C        D        E       F      G
               +--------+--------+--------+--------+--------+-----+--------+
         Total |   1428 |   1380 |     48 |     32 |    866 |   2 |  714.0 |
       Dungeon |   1428 |   1380 |     48 |     32 |    866 |   2 |  714.0 |
               +--------+--------+--------+--------+--------+-----+--------+

Top non-repeatable levels by time:
     D:1: 1077 daAuts
     D:2: 350 daAuts

Table legend:
 A = Non-vault XP
 B = Vault XP
 C = Vault XP percentage of total XP
 D = Non-vault monster count
 E = Vault monster count
 F = Vault count percentage of total count
                 A         B        C        D         E       F
            +---------+---------+-------+---------+---------+-------
      Total |      87 |       4 |   4.4 |      42 |       2 |   4.5
            +---------+---------+-------+---------+---------+-------
        D:1 |      66 |       0 |   0.0 |      38 |       0 |   0.0
        D:2 |      21 |       4 |  16.0 |       4 |       2 |  33.3
            +---------+---------+-------+---------+---------+-------
